 Dungeon Crawl Stone Soup version 0.20-a0-689-g860b9ab (console) character file.

160 nht the Chopper (level 5, 0/61 HPs)
             Began as a Barachian Berserker on Feb 19, 2017.
             Was a Believer of Trog.
             Succumbed to anet's ghost's poison
             ... on level 3 of the Dungeon.
             The game lasted 00:02:06 (1721 turns).

nht the Chopper (Barachian Berserker)               Turns: 1721, Time: 00:02:07

Health: 0/61       AC:  2    Str: 25    XL:     5   Next: 41%
Magic:  5/5        EV: 20    Int:  7    God:    Trog [**....]
Gold:   125        SH:  0    Dex: 16    Spells: 4/4 levels left

rFire    . . .     SeeInvis .   a - +0 hand axe
rCold    . . .     Gourm    .   b - +0 animal skin
rNeg     . . .     Faith    .   (no shield)
rPois    .         Spirit   .   (no helmet)
rElec    .         Reflect  .   (no cloak)
rCorr    .         Harm     .   (no gloves)
MR       .....     Clarity  +   (no boots) Stlth ..........Rnd*Tele +
                                (no amulet)
Regen    0.2/turn               (no ring)
MPRegen  0.1/turn               m - +2 ring of evasion

@: agile, berserking (expiring), lethally poisoned (0 -> -14), quick
A: swims, hooves 1, clarity, slowness 1, teleportitis 1, no potion heal 1,
strong legs 1
a: Hop, Berserk, Trog's Hand, Burn Spellbooks, Renounce Religion


You were on level 3 of the Dungeon.
You worshipped Trog.
Trog was pleased with you.
You were not hungry.

You visited 1 branch of the dungeon, and saw 3 of its levels.

You collected 125 gold pieces.

Inventory:

Hand Weapons
 a - a +0 hand axe (weapon)
Missiles
 o - 21 bolts
Armour
 b - a +0 animal skin (worn)
Jewellery
 m - a +2 ring of evasion (left hand)
Wands
 y - a wand of digging (15/24)
Scrolls
 e - a scroll of teleportation {unknown}
 i - 3 scrolls of remove curse {unknown}
 k - a scroll of immolation {unknown}
 q - a scroll of random uselessness {unknown}
 r - 2 scrolls of fog {unknown}
 s - 2 scrolls of magic mapping {unknown}
 t - a scroll of identify {unknown}
 u - a scroll of enchant weapon {unknown}
 v - a scroll of noise {unknown}
Potions
 j - a potion of flight
 p - a potion of mutation
 w - a potion of ambrosia
Comestibles
 c - 2 bread rations
 g - 2 royal jellies
 n - 3 meat rations


   Skills:
 - Level 3.2 Fighting
 + Level 5.9 Axes
 - Level 2.1 Armour
 - Level 2.0 Dodging


You had 4 spell levels left.
You didn't know any spells.

Dungeon Overview and Level Annotations

Branches:
Dungeon (3/15)

Altars:
Elyvilon
Okawaru


Innate Abilities, Weirdness & Mutations

You can swim through water.
You cover ground slowly.
You can hop short distances.
You have large cloven feet.
You possess an exceptional clarity of mind.
You are occasionally teleported next to monsters.
Potions are less effective at restoring your health.


Message History

A bat and an orc come into view.
* * * LOW HITPOINT WARNING * * *
You feel sick.
The orc shouts!
You see here a bat corpse.
You butcher the bat corpse.
You feel a strong urge to attack something.
* * * LOW HITPOINT WARNING * * *
You feel sick.
You see here a chunk of flesh.
You slash the bat!
You feel the power of Trog in you as your rage grows.
You kill the bat!
Trog accepts your kill.
You miss something.
* * * LOW HITPOINT WARNING * * *
You feel sick. Something closely misses you.
Eat a chunk of flesh? (ye/n/q)
You eat the chunk of flesh.
This raw flesh tastes terrible.
You die... .._........██████.█ ██████████.███ █.█ █.....██.█ ████

█████....██.....
. ████....(...
... █.█......
.... ██.██.....
..... █..█ .....
.....


█@██ .... ..... █.†.......██ ..... █.█.███████ ..... █.█.█ ..... . █.█ ...█ █.
█o█ .█ . ... .█ ... You could see an orc.

Vanquished Creatures
  The ghost of anet the Skirmisher, an amateur GrMo (D:3)
  Terence (D:3)
  2 adders (D:2)
  2 worms (D:2)
  A dart slug (D:1)
  4 giant cockroaches
  A goblin (D:1)
  4 hobgoblins
  2 jackals (D:3)
  5 kobolds
  3 bats
  5 frilled lizards
  9 rats
40 creatures vanquished.

Notes
Turn   | Place    | Note
-------+----------+-------------------------------------------
     0 | D:1      | nht the Barachian Berserker began the quest for the Orb.
     0 | D:1      | Reached XP level 1. HP: 18/18 MP: 1/1
   357 | D:1      | Reached XP level 2. HP: 24/24 MP: 2/2
   787 | D:2      | Reached skill level 4 in Axes
   817 | D:2      | Reached XP level 3. HP: 29/29 MP: 3/3
   821 | D:2      | Found a white marble altar of Elyvilon.
   926 | D:2      | Reached ** piety under Trog
  1475 | D:3      | Reached XP level 4. HP: 35/35 MP: 4/4
  1581 | D:3      | Found an iron altar of Okawaru.
  1608 | D:3      | Noticed Terence
  1628 | D:3      | Gained mutation: Potions are less effective at restoring your health. [potion of mutation]
  1628 | D:3      | Gained mutation: You are occasionally teleported next to monsters. [potion of mutation]
  1628 | D:3      | Gained mutation: You possess an exceptional clarity of mind. [potion of mutation]
  1628 | D:3      | Gained mutation: You have large cloven feet. [potion of mutation]
  1635 | D:3      | Killed Terence
  1635 | D:3      | Reached skill level 5 in Axes
  1699 | D:3      | Noticed anet's ghost (amateur GrMo)
  1716 | D:3      | Killed anet's ghost
  1716 | D:3      | Reached XP level 5. HP: 7/41 MP: 5/5
  1718 | D:3      | HP: 3/61 [poisoned by anet's ghost]
  1720 | D:3      | HP: 1/61 [poisoned by anet's ghost]
  1721 | D:3      | Succumbed to anet's ghost's poison

Vault maps used:
D:1:      sevenhm_arrival_forest_fort_small_5, minmay_tromino_i2
D:2:      elyvilon_altar_5
D:3:      overflow_temple_1_default, lightli_temple_of_fire,
          nicolae_gozag_seed_capital, first_bread, uniq_terence

Skill      XL: |  1  2  3  4 |
---------------+-------------+-----
Axes           | 4 5 |  5.9
Fighting       | |  3.2
Armour         | |  2.1
Dodging        | |  2.0

Action                   |  1- 3 |  4- 6 || total
-------------------------+-------+-------++-------
Melee: Hand axe          |    88 |    36 ||   124
       Kick              |       |     6 ||     6
Invok: Berserk           |       |     2 ||     2
  Use: Potion            |       |     9 ||     9
 Stab: Sleeping          |     1 |       ||     1
  Eat: Chunk             |     2 |     3 ||     5
Armor: Animal skin       |    11 |     2 ||    13
       Skin              |       |     5 ||     5
Dodge: Dodged            |    48 |    19 ||    67
